 Dungeon Crawl Stone Soup version 0.17-a0-1632-g0af21bd (webtiles) character file.

392 Horst the Chopper (level 6, -7/56 HPs)
             Began as a Minotaur Berserker on Aug 2, 2015.
             Was a Priest of Trog.
             Mangled by an ice beast (11 damage)
             ... on level 5 of the Dungeon on Aug 3, 2015.
             The game lasted 00:22:37 (2986 turns).

Horst the Chopper (Minotaur Berserker)              Turns: 2986, Time: 00:22:38

Health: -7/56      AC:  8    Str: 22    XL:     6   Next: 51%
Magic:  5/5        EV: 12    Int:  5    God:    Trog [***...]
Gold:   292        SH:  0    Dex: 10    Spells: 0 memorised, 5 levels left

rFire  + . .     SeeInvis .     u - +0 hand axe
rCold  . . .     Clarity  .     K - +0 ring mail
rNeg   . . .     SustAt   .     (no shield)
rPois  .         Gourm    .     (helmet restricted)
rElec  .         Spirit   .     (no cloak)
rCorr  .         Warding  .     (no gloves)
rMut   .         Rnd*Tele +     L - +1 pair of boots {Fly}
MR     .....                    (no amulet)
Stlth  +.........               i - ring of protection from fire
                                H - ring of teleportation

@: about to teleport, flying, not resistant to hostile enchantments, very
unstealthy
A: retaliatory headbutt, horns 2
a: Burn Spellbooks, Berserk, Trog's Hand, Renounce Religion, Stop Flying, Evoke
Teleportation


You were on level 5 of the Dungeon.
You worshipped Trog.
Trog was most pleased with you.
You were hungry.

You visited 2 branches of the dungeon, and saw 6 of its levels.

You collected 292 gold pieces.

Inventory:

Hand weapons
 a - a +0 hand axe
 u - a +0 hand axe (weapon)
 z - a +0 scythe
 G - a +2 dagger of draining
Armour
 b - a +0 animal skin
 m - a +0 robe
 v - a +0 leather armour
 A - a +0 robe
 K - a +0 ring mail (worn)
 L - a +1 pair of boots of flying (worn)
Jewellery
 i - a ring of protection from fire (right hand)
 r - an uncursed ring of wizardry
 w - a +2 ring of intelligence
 B - an uncursed ring of loudness
 H - a ring of teleportation (left hand)
Magical devices
 f - a wand of random effects (13)
 J - a wand of paralysis (9)
Scrolls
 e - 2 scrolls of enchant weapon {unknown}
 h - 6 scrolls of remove curse
 k - a scroll of identify {unknown}
 l - a scroll of teleportation
 p - 2 scrolls of recharging {unknown}
 q - a scroll of noise {unknown}
 y - a scroll of magic mapping {unknown}
 D - a scroll of random uselessness {unknown}
 I - a scroll of enchant armour {unknown}
Potions
 d - 2 potions of brilliance {unknown}
 g - a potion of lignification {unknown}
 o - a potion of might {unknown}
 s - a potion of resistance {unknown}
 t - a potion of haste {unknown}
 x - a potion of heal wounds {unknown}
 C - a potion of flight {unknown}
 F - 2 potions of curing {unknown}
Comestibles
 c - 2 bread rations
 j - 2 slices of pizza
 n - 3 meat rations
 E - a royal jelly


   Skills:
 + Level 5.3 Fighting
 + Level 5.4 Axes
 * Level 3.9 Armour
 + Level 4.6 Dodging
 + Level 1.0 Stealth


You had 5 spell levels left.
You didn't know any spells.

Dungeon Overview and Level Annotations

Branches:
Dungeon (5/15)             Temple (1/1) D:4

Altars:
Ashenzari
Cheibriados
Elyvilon
Fedhas
Kikubaaqudgha
Makhleb
Nemelex Xobeh
Okawaru
Qazlal
Ru
Sif Muna
Trog
Vehumet
Xom
Yredelemnul
Zin

Shops:
D:4 :


Innate Abilities, Weirdness & Mutations

You reflexively headbutt those who attack you in melee.
You have a pair of horns on your head.


Message History

l - 3 scrolls labeled EXYPNOMIK (gained 1)
As you read the scroll labeled EXYPNOMIK, it crumbles to dust.
You feel strangely unstable.
It was a scroll of teleportation.
Your surroundings suddenly seem different.
Found five items.
Found a stone staircase leading down.
An ice beast comes into view.
The ice beast hits you. The ice beast freezes you!
You closely miss the ice beast. The ice beast barely misses you.
You closely miss the ice beast. You headbutt the ice beast.
The ice beast is lightly wounded.
The ice beast hits you but does no damage.
You barely miss the ice beast.
The ice beast is lightly wounded.
The ice beast hits you. The ice beast freezes you!
* * * LOW HITPOINT WARNING * * *
As you read the scroll of teleportation, it crumbles to dust.
You feel strangely unstable. The ice beast hits you.
* * * LOW HITPOINT WARNING * * *
The ice beast freezes you!
You die...

...#+##............
...$.............##
#......# ##.......# +###
#......# .........# .....
#.$....# #........#
.....##......# #........#
.........(...# #........#
......?......# #..[.....#
........@Y...# #........#
>.......................'
...........#.####.......#
........#### .. #.......#
.....[(.# ..#.......#
#.......# #.......#
#......## ........#
#...... ........#
.##+#...


You could see an ice beast.

Vanquished Creatures
  Sigmund (D:3)
  A hound (D:4)
  4 worker ants
  3 gnolls (D:4)
  An adder (D:3)
  An ooze (D:3)
  An adder skeleton (D:5)
  A worm (D:3)
  A giant gecko (D:4)
  7 orcs
  2 ball pythons
  5 giant cockroaches
  9 hobgoblins
  4 jackals
  7 kobolds
  2 quokkas
  8 bats
  A giant newt (D:3)
  2 goblins (D:1)
  5 rats
66 creatures vanquished.

Notes
Turn   | Place    | Note
--------------------------------------------------------------
     0 | D:1      | Horst the Minotaur Berserker began the quest for the Orb.
     0 | D:1      | Reached XP level 1. HP: 19/19 MP: 0/0
   132 | D:1      | Reached XP level 2. HP: 24/27 MP: 1/1
   224 | D:1      | Reached skill level 4 in Axes
   762 | D:2      | Acquired Trog's second power
   932 | D:2      | Reached XP level 3. HP: 29/33 MP: 2/2
  1207 | D:2      | Found a sparkling altar of Nemelex Xobeh.
  1644 | D:3      | Noticed Sigmund
  1650 | D:3      | Killed Sigmund
  1650 | D:3      | Reached skill level 5 in Fighting
  1650 | D:3      | Reached XP level 4. HP: 42/42 MP: 3/3
  1650 | D:3      | Reached XP level 5. HP: 48/48 MP: 4/4
  1651 | D:3      | Reached skill level 1 in Stealth
  1670 | D:3      | Found a sparkling altar of Nemelex Xobeh.
  1740 | D:3      | Reached skill level 5 in Axes
  1820 | D:3      | Upgraded the game from 0.17-a0-1621-gfc7a675 to 0.17-a0-1632-g0af21bd
  2046 | D:4      | Found a staircase to the Ecumenical Temple.
  2066 | D:4      | Found Geull's Book Shop.
  2165 | D:4      | Reached XP level 6. HP: 51/56 MP: 5/5
  2501 | Temple   | Entered the Ecumenical Temple
  2894 | D:5      | Entered Level 5 of the Dungeon
  2986 | D:5      | Mangled by an ice beast

Vault maps used:
D:1:      mrwooster_arrival_statue_2, minmay_misc_feat_chi, nrook_loot_triangle,
          minmay_door_square, fountainhead
D:2:      first_bread, nemelex_spade_bored_becter
D:3:      nemelex_dance_club_becter, uniq_sigmund
D:4:      minmay_temple_entry_statues_pillars, serial_shops, shop_statue
Temple:   nicolae_temple_elliptical

Action                   |  1- 3 |  4- 6 || total
-------------------------+-------+-------++-------
Melee: Hand axe          |    86 |    57 ||   143
Invok: Berserk           |     1 |     1 ||     2
  Use: Scroll            |     1 |     4 ||     5
  Eat: Chunk             |     2 |     6 ||     8
